Description

A build that works fine against 1-1-1 especially if the Terran is greedy(quick 3rd)

Replay - Disco Bloodbath LE (10)

Build Order

Get SALT Encoding   

  12  0:01  Drone  
  13  0:12  Overlord  
  13  0:16  Drone  
  14  0:30  Drone x2  
  16  0:49  Hatchery  
  15  0:51  Drone x2  
  17  0:59  Extractor  
  17  1:00  Drone  
  17  1:15  Spawning Pool  
  17  1:17  Drone x2  
  18  1:27  Drone  
  20  1:49  Overlord  
  20  2:01  Queen x2  
  20  2:02  Zergling x4  
  20  2:08  Metabolic Boost  
  28  2:22  Evolution Chamber  
  31  2:44  Overlord  
  32  2:48  Zerg Melee Weapons Level 1  
  34  3:02  Baneling Nest  
  33  3:14  Hatchery  
  33  3:17  Overlord  
  32  3:20  Zergling x8  
  36  3:27  Zergling x6  
  40  3:34  Zergling x2  
Spawning Tool Build Advisor. Get it on Overwolf

Analysis

It is less efficient against 2-1-1 but still playable. A clear advantage is that you will have a 3rd base and +1 melee attack

Go to:

Details

  • Created by: mysteryH
  • Published on: Oct 09, 2019
  • Modified on: Oct 09, 2019
  • Patch: 4.7.1
Show
View Real Time Build Order
Export as new Build Order

Comments (0)

There are no comments. Be the first!

Create an account to comment!